 Dungeon Crawl Stone Soup version 0.31-a0-271-gb88eb75e06 (webtiles) character file.

Game seed: 8776280486192875071

32 HallandMoats the Trooper (level 3, -4/29 HPs)
             Began as a Demonspawn Fighter on July 15, 2023.
             Slain by a gnoll
             ... wielding a +0 halberd
              (8 damage)
             ... on level 2 of the Dungeon.
             The game lasted 00:01:05 (961 turns).

HallandMoats the Trooper (Demonspawn Fighter)        Turns: 961, Time: 00:01:06

Health: -4/29      AC:  6    Str: 18    XL:     3   Next: 8%
Magic:  3/3        EV:  9    Int:  9    God:
Gold:   29         SH:  4    Dex: 12    Spells: 2/2 levels left

rFire   . . .        a - +0 war axe
rCold   . . .        c - +0 buckler
rNeg    . . .        b - +0 scale mail
rPois   .            (no helmet)
rElec   .            (no cloak)
rCorr   .            (no gloves)
SInv    .            (no boots)
Will    .....        (no amulet) Stlth
                     (no ring)
HPRegen 0.24/turn    (no ring)
MPRegen 0.16/turn

%: no passive effects
@: slowed, very slow
A: magic regeneration, weakness stinger 1
a: no special abilities


You were on level 2 of the Dungeon.
You visited 1 branch of the dungeon, and saw 2 of its levels.

You collected 29 gold pieces.

Inventory:

Hand Weapons
 a - a +0 war axe (weapon)
Armour
 b - a +0 scale mail (worn)
 c - a +0 buckler (worn)
Jewellery
 h - a ring of see invisible
Scrolls
 e - a scroll of identify {unknown}
 f - a scroll of brand weapon {unknown}
 j - a scroll of amnesia {unknown}
Potions
 d - a potion of might
 g - a potion of ambrosia {unknown}
 i - a potion of haste {unknown}


   Skills:
 * Level 3.5 Fighting
 * Level 2.4 Axes
 - Level 2.6 Armour
 + Level 2.9 Shields


You had 2 spell levels left.
You didn't know any spells.
Your spell library was empty.

Dungeon Overview and Level Annotations

Branches:
Dungeon (2/15)

Altars:

Annotations:
D:2 Natasha


Innate Abilities, Weirdness & Mutations

You regenerate magic rapidly.
You have a small tail.


Message History

There is a stone staircase leading down here.
Done exploring.
Done exploring.
There is a stone staircase leading down here.
You climb downwards.
Natasha hisses angrily.
The kobold shouts!
Found a potion of might and 7 stones.
Found a stone staircase leading up.
There is a stone staircase leading up here.
You hit Natasha.
Natasha is moderately wounded.
Natasha claws you.
You barely miss Natasha.
Your tail-slap misses Natasha.
Natasha is moderately wounded.
Natasha claws you!
You hit Natasha.
Your tail-slap misses Natasha.
Natasha is moderately wounded.
You hit the kobold but do no damage.
Natasha mumbles some strange words.
The kobold closely misses you. You block Natasha's attack.
The gnoll hits you from afar with a +0 halberd!
* * * LOW HITPOINT WARNING * * *
The kobold hits you but does no damage.
You barely miss Natasha.
Natasha is moderately wounded.
You slash the kobold!
You kill the kobold!
Natasha stares at you and mumbles some strange words.
You feel yourself slow down. The gnoll barely misses you.
You block the cerulean imp's attack.
You closely miss Natasha.
Natasha is moderately wounded.
Natasha stares at you and mumbles some strange words.
The magic dart hits you.
* * * LOW HITPOINT WARNING * * *
The gnoll misses you.
The cerulean imp hits you from afar with a +0 spear.
* * * LOW HITPOINT WARNING * * *
Natasha barely misses you.
The gnoll hits you from afar with a +0 halberd!
You die...

## ... ....
#####....
##........
##...<.....
#...)......
#.h@.......
#5!......(.
#....g.......
#............
...#..........
#.#.##.........
. . ##........
. ##.#.....


You could see Natasha, a gnoll and a cerulean imp (summoned).

Vanquished Creatures
  2 dart slugs (D:1)
  2 ball pythons (D:1)
  2 endoplasms (D:1)
  2 giant cockroaches (D:1)
  A goblin (D:1)
  3 hobgoblins (D:1)
  4 jackals (D:1)
  4 kobolds
  5 rats (D:1)
25 creatures vanquished.

Notes
Turn   | Place    | Note
-------+----------+-------------------------------------------
     0 | D:1      | HallandMoats the Demonspawn Fighter began the quest for the
                  | Orb.
     0 | D:1      | Reached XP level 1. HP: 18/18 MP: 1/1
   106 | D:1      | Gained mutation: You regenerate magic rapidly. [demonic
                  | ancestry]
   106 | D:1      | Reached XP level 2. HP: 13/24 MP: 2/2
   574 | D:1      | Gained mutation: You have a small tail. [demonic ancestry]
   574 | D:1      | Reached XP level 3. HP: 27/29 MP: 3/3
   956 | D:2      | Noticed Natasha
   961 | D:2      | Slain by a gnoll

Illustrated notes

Levels and vault maps discovered:
D:1:      onia_arrival_mini_maze, layout_basic, minmay_misc_feat_tiny,
          st_stairs_12
D:2:      minmay_chambers_of_twos, layout_rooms, minmay_goblin_kobold_house,
          uniq_natasha

Skill      XL: |  1 |
---------------+----+-----
Axes           | 2 |  2.4
Fighting       | |  3.5
Armour         | |  2.6
Shields        | |  2.9

Action                     || total
---------------------------++-------
  Melee: War axe           ||    56
 Armour: Scale mail        ||    36
  Dodge: Dodged            ||    21
  Block: Buckler           ||    18

Table legend: (Time is in decaauts)
 A = Elapsed time spent in this place.
 B = Non-inter-level travel time spent in this place.
 C = Inter-level travel time spent in this place.
 D = Time resting spent in this place.
 E = Time spent auto-exploring this place.
 F = Levels seen in this place.
 G = Mean time per level.
                   A        B        C        D        E       F      G
               +--------+--------+--------+--------+--------+-----+--------+
         Total |    984 |    984 |      0 |      0 |    780 |   2 |  492.0 |
       Dungeon |    984 |    984 |      0 |      0 |    780 |   2 |  492.0 |
               +--------+--------+--------+--------+--------+-----+--------+

Top non-repeatable levels by time:
     D:1: 978 daAuts
     D:2: 6 daAuts
